 Dungeon Crawl Stone Soup version 0.14-a0-586-g2535b90 (webtiles) character file.

882 Malachi the Covered (level 7, -4/55 HPs)
             Began as a Djinni Fighter on Nov 3, 2013.
             Was a Priest of Cheibriados.
             Killed by divine providence
             ... invoked by an orc priest
              (10 damage)
             ... on Level 6 of the Dungeon.
             The game lasted 00:07:54 (4752 turns).

Malachi the Covered (Djinni Fighter)                Turns: 4752, Time: 00:07:55

HP  -4/55        AC 15     Str 25      XL: 7   Next: 31%
MP   0/0         EV  6     Int 15      God: Cheibriados [***...]
Gold 216         SH  0     Dex 20      Spells:  0 memorised,  6 levels left

Res.Fire  : + + +   See Invis. : .   a - +1 trident
Res.Cold  : x . .   Warding    : .   q - +0 plate armour
Life Prot.: + + +   Conserve   : .   (no shield)
Res.Poison: .       Res.Corr.  : .   (no helmet)
Res.Elec. : .       Clarity    : .   (no cloak)
Sust.Abil.: . .     Spirit.Shd : .   t - +1 pair of elf gloves
Res.Mut.  : .       Stasis     : .   (boots unavailable)
Res.Rott. : .       Flight     : +   h - cursed amulet of inaccuracy
Saprovore : . . .                    (no ring)
                                     m - cursed ring of wizardry

@: flying, very slow, slightly resistant to hostile enchantments, extremely
unstealthy
A: fire immunity, cold vulnerability, life protection 3
a: Bend Time, Temporal Distortion, Renounce Religion


You were on level 6 of the Dungeon.
You worshipped Cheibriados.
Cheibriados was most pleased with you.
You were not hungry.

You visited 1 branch of the dungeon, and saw 6 of its levels.

You collected 216 gold pieces.

Inventory:

Hand weapons
 a - a +1,+1 trident (weapon)
Missiles
 d - 6 bolts of penetration
 p - 5 tomahawks (quivered)
Armour
 b - a +0 scale mail
 c - a +0 shield
 q - a +0 plate armour (worn)
 t - a +1 pair of elven gloves (worn)
Scrolls
 g - 3 scrolls of identify
 k - a scroll of recharging {unknown}
 o - a scroll of fear
 s - 2 scrolls of noise
 v - a scroll of magic mapping
Jewellery
 e - an uncursed ring of flight {unknown}
 h - a cursed amulet of inaccuracy (around neck)
 m - a cursed ring of wizardry (left hand)
Potions
 f - a potion of heal wounds {unknown}
 i - 3 potions of curing {unknown}
 j - a potion of agility {unknown}
 l - a potion of confusion {unknown}
 n - 2 potions of poison {unknown}
 r - a potion of might {unknown}
 u - a potion of berserk rage {unknown}
 w - a potion of beneficial mutation {unknown}
 x - a potion of restore abilities {unknown}


   Skills:
 + Level 3.6 Fighting
 + Level 4.0 Polearms
 + Level 6.5 Armour
 + Level 2.9 Dodging
 - Level 1.0 Stealth
   Level 3.0 Shields
 * Level 1.1 Invocations


You had 6 spell levels left.
You didn't know any spells.

Dungeon Overview and Level Annotations

Branches:
Dungeon (6/27)                Orc (0/4) D:6
 Temple: D:4-7

Altars:
Ashenzari
Cheibriados
Nemelex Xobeh
Sif Muna
Trog
Vehumet
Zin


Innate Abilities, Weirdness & Mutations

You are immune to all types of fire, even holy and hellish.
You are vulnerable to cold.
You need no food.
You have no legs.
You are immune to negative energy.


Message History

The orc warrior hits you from afar with an orcish glaive!
Attack whom?
Press: ? - help, Dir - move target cursor, f - orc priest
Aim: an orc priest, wielding an orcish club and wearing an orcish leather armour You reach to attack!
You puncture the orc priest!
The orc priest is heavily wounded.
You hear some strange, mumbled words.
The puff of flame hits you!
You barely miss the orc priest.
The orc priest is heavily wounded.
The orc warrior hits you from afar with an orcish glaive.
The orc priest invokes the aid of Beogh against you.
Something smites you!
* * * LOW HITPOINT WARNING * * *
You hear some strange, mumbled words.
The magic dart hits you!
* * * LOW HITPOINT WARNING * * *
The orc priest invokes the aid of Beogh against you.
Something smites you!
You die...

8....>....8.(..#
............(...#
#...........#...# ..
#.....8..)..#...#
...####.....####...#
.............# #.###
..............# #.#
......%.......# #.#
..(.....@.....# #%#
.##....o......# #)#
#.....o.....# #.#
.....o.......# #.#
.............# #.#
............# #.#
....#.####. #.#
...#.# #.# ..# #.#


You could see an orc warrior and 2 orc priests.

Vanquished Creatures
  A phantom (D:4)
  An orc warrior (D:6)
  A centaur (D:5)
  An orc priest (D:4)
  A hound (D:4)
  2 orc wizards
  3 iguanas (D:4)
  2 worker ants (D:4)
  7 adders
  2 worms
  An inept item mimic (D:2)
  A giant eyeball (D:5)
  2 oozes
  14 orcs
  3 bats
  A bat skeleton (D:4)
  2 giant cockroaches
  10 goblins
  8 hobgoblins
  2 jackals (D:3)
  6 giant geckos
  5 giant newts
  A goblin skeleton (D:4)
  6 kobolds
  A quokka (D:4)
  10 rats
94 creatures vanquished.

Vanquished Creatures (others)
  A plant (D:3)
  4 toadstools (D:1)
5 creatures vanquished.

Grand Total: 99 creatures vanquished

Notes
Turn   | Place    | Note
--------------------------------------------------------------
     0 | D:1      | Malachi, the Djinni Fighter, began the quest for the Orb.
     0 | D:1      | Reached XP level 1. HP: 16/16 MP: 0/0
   186 | D:1      | Reached XP level 2. EP: 19/22
   607 | D:2      | Found a snail-covered altar of Cheibriados.
   644 | D:2      | Found a deep blue altar of Sif Muna.
   679 | D:2      | Became a worshipper of Cheibriados the Contemplative
   783 | D:2      | Reached XP level 3. EP: 19/29
   890 | D:2      | Reached skill level 4 in Armour
  1442 | D:3      | Found a sparkling altar of Nemelex Xobeh.
  1562 | D:3      | Acquired Cheibriados' first power
  1650 | D:3      | Reached XP level 4. EP: 27/35
  1796 | D:3      | Reached skill level 1 in Dodging
  2541 | D:4      | Found a glowing silver altar of Zin.
  2595 | D:4      | Reached XP level 5. EP: 38/41
  2922 | D:4      | Found a bloodstained altar of Trog.
  2964 | D:4      | Reached skill level 5 in Armour
  3421 | D:4      | Reached XP level 6. EP: 43/48
  4058 | D:4      | Reached skill level 1 in Stealth
  4130 | D:4      | Acquired Cheibriados' second power
  4160 | D:5      | Entered Level 5 of the Dungeon
  4177 | D:5      | Found a shattered altar of Ashenzari.
  4189 | D:5      | Reached skill level 6 in Armour
  4189 | D:5      | Reached XP level 7. EP: 40/54
  4198 | D:5      | Paralysed by a giant eyeball for 2 turns
  4279 | D:5      | Found a radiant altar of Vehumet.
  4454 | D:6      | Found a staircase to the Orcish Mines.
  4475 | D:6      | Reached skill level 1 in Invocations
  4752 | D:6      | Killed from afar by an orc priest

Action                   |  1- 3 |  4- 6 |  7- 9 || total
-------------------------+-------+-------+-------++-------
Melee: Trident           |   149 |   316 |    83 ||   548
  Use: Potion            |     2 |       |       ||     2
       Scroll            |       |    10 |       ||    10
